 Dungeon Crawl Stone Soup version 0.19-a0-1907-gcff654f (webtiles) character file.

214 suicidejoker the Sneak (level 5, -2/25 HPs)
             Began as a Spriggan Enchanter on Oct 22, 2016.
             Killed from afar by Pikel (27 damage)
             ... with a wand of lightning
             ... on level 4 of the Dungeon.
             The game lasted 00:04:49 (3809 turns).

suicidejoker the Sneak (Spriggan Enchanter)         Turns: 3809, Time: 00:04:50

Health: -2/25      AC:  4    Str:  5    XL:     5   Next: 60%
Magic:  10/11      EV: 19    Int: 16    God:
Gold:   151        SH:  0    Dex: 17    Spells: 2 memorised, 8 levels left

rFire  . . .     SeeInvis +     t - +1 dagger (protect)
rCold  . . .     Gourm    .     b - +1 robe
rNeg   . . .     Faith    .     (shield restricted)
rPois  .         Spirit   .     (helmet restricted)
rElec  .         Reflect  .     v - +0 cloak
rCorr  .         Harm     .     (gloves unavailable)
MR     .....                    (boots unavailable)
Stlth  +++.......               (no amulet)
                                (no ring)
                                (no ring)

@: very quick
A: unfitting armour, see invisible, herbivore 3, speed 3, slow metabolism 2
a: no special abilities


You were on level 4 of the Dungeon.
You were not hungry.

You visited 1 branch of the dungeon, and saw 4 of its levels.

You collected 151 gold pieces.

Inventory:

Hand Weapons
 a - a +1 dagger
 s - a +0 hand crossbow
 t - a +1 dagger of protection (weapon)
 u - a +4 quarterstaff of chaos
Armour
 b - a +1 robe (worn)
 v - a +0 cloak (worn)
Jewellery
 o - an uncursed amulet of guardian spirit
Wands
 q - a wand of disintegration (12/24)
Scrolls
 f - a scroll of identify
 h - a scroll of remove curse
 l - a scroll of recharging {unknown}
 p - a scroll of magic mapping
Potions
 e - a potion of haste
 g - a potion of might
 j - a potion of brilliance
 k - a potion of heal wounds {unknown}
 m - a potion of curing
 n - a potion of ambrosia {unknown}
 r - 2 potions of magic {unknown}
Books
 c - a book of Maledictions

   Spells                             Type                      Level
   a - Corona                         Hexes                        1
   b - Ensorcelled Hibernation        Hexes/Ice                    2
   c - Confuse                        Hexes                        3
   d - Tukima's Dance                 Hexes                        3
   e - Dazzling Spray                 Conjuration/Hexes            3
Comestibles
 d - a bread ration
 i - 3 fruits


   Skills:
 + Level 0.7 Fighting
 + Level 2.1 Short Blades
 + Level 3.9 Dodging
 + Level 6.5 Stealth
 + Level 3.7 Spellcasting
 + Level 4.4 Hexes
 + Level 1.2 Ice Magic


You had 8 spell levels left.
You knew the following spells:

 Your Spells              Type           Power        Failure   Level  Hunger
a - Corona                Hex            ###....      3%          1    None
b - Ensorcelled Hibernat  Hex/Ice        ##....       10%         2    ##.....


Dungeon Overview and Level Annotations

Branches:
Dungeon (4/15)
 Temple: D:4-7

Altars:
Kikubaaqudgha
Okawaru
Ru

Annotations:
D:4 Pikel


Innate Abilities, Weirdness & Mutations

You are very small and have problems with some larger weapons.
You are too small for most types of armour.
You have supernaturally acute eyesight. (SInv)
You are a herbivore.
You cover ground extremely quickly.
You need consume almost no food.


Message History

You see here a mace.
You see here a mace.
You see here a mace.
You see here a mace.
Done exploring.
You see here a mace.
There is an open door here.
You see here a mace.
You see here a mace.
You see here a mace.
You see here a mace.
You see here a mace.
There is a stone staircase leading down here.
You climb downwards. 4 slaves and Pikel come into view.
Pikel is wielding a whip of freezing.
The slave shouts! x2; Pikel shouts!
The slave shouts!
There is a stone staircase leading up here.
Pikel zaps a wand.
The bolt of lightning hits you!
Ouch! That really hurt!
You die...

#### #..
#.## #@p#
#.Kp#
......#
##p..p....
##.##.###
## .# #


You could see Pikel and 4 slaves.

Vanquished Creatures
  Crazy Yiuf (D:3)
  Ijyb (D:3)
  Terence (D:3)
  6 adders
  An ooze (D:3)
  A worm (D:3)
  2 leopard geckos
  3 bats
  2 bat zombies (D:2)
  3 giant cockroaches
  12 goblins
  12 hobgoblins
  3 jackals (D:2)
  4 kobolds
  3 quokkas
  A ball python (D:3)
  5 frilled lizards
  9 rats
70 creatures vanquished.

Notes
Turn   | Place    | Note
-------+----------+-------------------------------------------
     0 | D:1      | suicidejoker the Spriggan Enchanter began the quest for the Orb.
     0 | D:1      | Reached XP level 1. HP: 9/9 MP: 5/5
   100 | D:1      | Reached XP level 2. HP: 10/13 MP: 6/6
   104 | D:1      | Learned a level 2 spell: Ensorcelled Hibernation
   451 | D:1      | Reached skill level 5 in Stealth
   633 | D:1      | Reached XP level 3. HP: 11/16 MP: 0/8
  1466 | D:2      | Reached XP level 4. HP: 15/21 MP: 0/9
  2463 | D:2      | Found an ancient bone altar of Kikubaaqudgha.
  2835 | D:3      | Noticed Terence
  2850 | D:3      | Killed Terence
  2850 | D:3      | Reached skill level 6 in Stealth
  2850 | D:3      | Reached skill level 1 in Ice Magic
  2901 | D:3      | Reached XP level 5. HP: 24/24 MP: 8/11
  2914 | D:3      | Found a sacrificial altar of Ru.
  3196 | D:3      | Found an iron altar of Okawaru.
  3201 | D:3      | Noticed Ijyb
  3219 | D:3      | Killed Ijyb
  3525 | D:3      | Found a runed door.
  3765 | D:3      | Noticed Crazy Yiuf
  3769 | D:3      | Killed Crazy Yiuf
  3808 | D:4      | Noticed Pikel
  3808 | D:4      | Noticed a slave
  3808 | D:4      | Noticed a slave
  3808 | D:4      | Noticed a slave
  3808 | D:4      | Noticed a slave
  3809 | D:4      | Killed from afar by Pikel

Vault maps used:
D:1:      noname_arrival_rooms_in_the_neighbourhood
D:2:      lemuel_zombie_altar_kikubaaqudgha
D:3:      lemuel_doored_altar, okawaru_trees_1, minivault_19, uniq_terence,
          uniq_iyjb, uniq_crazy_yiuf_cottage
D:4:      chequers_temple_overflow_minitemple, first_bread, uniq_pikel,
          uniq_edmund

Skill      XL: |  1  2  3  4 |
---------------+-------------+-----
Stealth        | 5 6 |  6.5
Spellcasting   | 3 |  3.7
Hexes          | 4 |  4.4
Short Blades   | 2 |  2.1
Ice Magic      | 1 |  1.2
Fighting       | |  0.7
Dodging        | |  3.9

Action                   |  1- 3 |  4- 6 || total
-------------------------+-------+-------++-------
Melee: Dagger            |   150 |   153 ||   303
 Cast: Ensorcelled Hiber |    10 |    27 ||    37
  Use: Scroll            |       |     5 ||     5
 Stab: Sleeping          |    14 |    17 ||    31
       Distracted        |       |     1 ||     1
  Eat: Bread ration      |       |     1 ||     1
Armor: Robe              |     7 |    22 ||    29
Dodge: Dodged            |   125 |   170 ||   295
